 Dungeon Crawl Stone Soup version 0.23-a0-408-g9d4b7ed (webtiles) character file.

203 Ijustatesigmund the Magician (level 5, -1/37 HPs)
             Began as a Gnoll Wizard on Nov 8, 2018.
             Slain by an elf zombie (2 damage)
             ... on level 4 of the Dungeon.
             The game lasted 00:07:22 (4075 turns).

Ijustatesigmund the Magician (Gnoll Wizard)         Turns: 4075, Time: 00:07:23

Health: -1/37      AC:  3    Str:  9    XL:     5   Next: 81%
Magic:  14/14      EV: 14    Int: 21    God:
Gold:   139        SH:  0    Dex: 14    Spells: 9/18 levels left

rFire    . . .     SeeInvis .   f - +0 whip
rCold    . . .     Gourm    .   (no shield)
rNeg     . . .     Faith    .   a - +0 robe
rPois    .         Spirit   .   b - +1 hat
rElec    .         Reflect  .   m - scarf {cloud immunity}
rCorr    +         Harm     .   (no gloves)
MR       .....                  (no boots)
Stlth    +++.......             (no amulet)
HPRegen  0.12/turn              j - ring of wizardry
MPRegen  0.14/turn              e - ring of resist corrosion

@: very slightly contaminated
A: distributed training, fangs 1, strong nose
a: no special abilities


You were on level 4 of the Dungeon.
You were not hungry.

You visited 1 branch of the dungeon, and saw 4 of its levels.

You collected 139 gold pieces.

Inventory:

Hand Weapons
 f - a +0 whip (weapon)
Armour
 a - a +0 robe (worn)
 b - a +1 hat (worn)
 m - a scarf of cloud immunity (worn)
Jewellery
 c - an uncursed ring of stealth
 e - a ring of resist corrosion (right hand)
 j - a ring of wizardry (left hand)
Scrolls
 k - a scroll of remove curse
 n - a scroll of teleportation
Potions
 h - a potion of might
 i - a potion of haste
Comestibles
 d - 6 rations
 l - a chunk of flesh


   Skills:
 + Level 1.6 Fighting
 + Level 1.6 Short Blades
 + Level 1.6 Long Blades
 + Level 1.6 Axes
 + Level 1.6 Maces & Flails
 + Level 1.6 Polearms
 + Level 1.6 Staves
 + Level 1.6 Slings
 + Level 1.6 Bows
 + Level 1.6 Crossbows
 + Level 1.6 Throwing
 + Level 1.6 Armour
 + Level 4.8 Dodging
 + Level 4.4 Stealth
 + Level 1.6 Shields
 + Level 1.6 Unarmed Combat
 + Level 7.3 Spellcasting
 + Level 2.4 Conjurations
 + Level 1.2 Hexes
 + Level 1.2 Charms
 + Level 2.4 Summonings
 + Level 1.2 Necromancy
 + Level 2.4 Translocations
 + Level 1.2 Transmutations
 + Level 1.2 Fire Magic
 + Level 1.2 Ice Magic
 + Level 1.2 Air Magic
 + Level 1.2 Earth Magic
 + Level 1.2 Poison Magic
 + Level 1.8 Invocations
 + Level 1.6 Evocations


You had 9 spell levels left.
You knew the following spells:

 Your Spells              Type           Power        Failure   Level  Hunger
a - Magic Dart            Conj           ###.         1%          1    None
b - Blink                 Tloc           N/A          1%          2    None
c - Mephitic Cloud        Conj/Pois/Air  ##......     5%          3    None
d - Conjure Flame         Conj/Fire      ###.....     4%          3    None

Your spell library contained the following spells:

 Spells                   Type           Power        Failure   Level  Hunger
 Call Imp                 Summ           ###.....     1%          2    None
 Slow                     Hex            ##......     3%          2    None


Dungeon Overview and Level Annotations

Branches:
Dungeon (4/15)
 Temple: D:4-7

Altars:
Fedhas
Hepliaklqana
Nemelex Xobeh
Qazlal
Ru
Sif Muna
Uskayaw
Wu Jian
The Shining One

Portals:
Ossuary: D:4


Innate Abilities, Weirdness & Mutations

Your experience applies equally to all skills.
You have very sharp teeth.
Your uncanny sense of smell can sniff out nearby items.


Message History

The elf zombie hits you.
* * * LOW HITPOINT WARNING * * *
You barely miss the elf zombie.
The elf zombie is heavily damaged.
You barely miss the elf zombie.
The elf zombie is heavily damaged.
The elf zombie barely misses you.
You hit the elf zombie.
The elf zombie is heavily damaged.
The elf zombie closely misses you.
You hit the elf zombie.
The elf zombie is heavily damaged.
The elf zombie closely misses you.
You hit the elf zombie.
The elf zombie is severely damaged.
The elf zombie hits you but does no damage.
You barely miss the elf zombie.
The elf zombie is severely damaged.
The elf zombie hits you.
You die...

#.# #.# #
#.## #.#
# #..#
#.# #
#######'#
#.# #
#.#Z#.#.#
#.# #
#'#+#'#.#
#. #
#.'...'.#
#
###...###
#.####
#∩Z@..+
#....
#+#+#+#
....####
....>...
...#### #


You could see an elf zombie.

Vanquished Creatures
  A bullfrog skeleton (D:4)
  2 worker ants
  3 adders
  3 oozes
  2 worms
  A leopard gecko (D:2)
  8 orcs
  3 giant cockroaches
  10 goblins
  9 hobgoblins
  8 jackals
  2 quokkas
  6 bats
  4 frilled lizards
  A jackal skeleton (D:4)
  2 kobolds
  2 orc skeletons (D:4)
  A quokka skeleton (D:4)
  7 rats
75 creatures vanquished.

Notes
Turn   | Place    | Note
-------+----------+-------------------------------------------
     0 | D:1      | Ijustatesigmund the Gnoll Wizard began the quest for the
                  | Orb.
     0 | D:1      | Reached XP level 1. HP: 13/13 MP: 8/8
   238 | D:1      | Reached XP level 2. HP: 15/19 MP: 10/10
   242 | D:1      | Learned a level 2 spell: Blink
   944 | D:1      | Reached XP level 3. HP: 25/25 MP: 9/11
   949 | D:1      | Learned a level 3 spell: Mephitic Cloud
   953 | D:1      | Learned a level 3 spell: Conjure Flame
  1704 | D:2      | Found a faded altar of an unknown god.
  2178 | D:2      | Reached skill level 1 in Invocations
  2275 | D:2      | Reached skill level 1 in Fighting
  2275 | D:2      | Reached skill level 1 in Short Blades
  2275 | D:2      | Reached skill level 1 in Long Blades
  2275 | D:2      | Reached skill level 1 in Axes
  2275 | D:2      | Reached skill level 1 in Maces & Flails
  2275 | D:2      | Reached skill level 1 in Polearms
  2275 | D:2      | Reached skill level 1 in Staves
  2275 | D:2      | Reached skill level 1 in Slings
  2275 | D:2      | Reached skill level 1 in Bows
  2275 | D:2      | Reached skill level 1 in Crossbows
  2275 | D:2      | Reached skill level 1 in Throwing
  2275 | D:2      | Reached skill level 1 in Armour
  2275 | D:2      | Reached skill level 1 in Shields
  2275 | D:2      | Reached skill level 1 in Unarmed Combat
  2275 | D:2      | Reached skill level 1 in Evocations
  2401 | D:2      | Reached XP level 4. HP: 32/32 MP: 8/13
  2424 | D:2      | Found a glowing golden altar of the Shining One.
  2424 | D:2      | Found a stormy altar of Qazlal.
  2425 | D:2      | Found a deep blue altar of Sif Muna.
  2463 | D:2      | Found a hazy altar of Hepliaklqana.
  2874 | D:2      | You fall through a shaft!
  3147 | D:3      | Found a sacrificial altar of Ru.
  3243 | D:3      | Reached skill level 1 in Hexes
  3243 | D:3      | Reached skill level 1 in Charms
  3243 | D:3      | Reached skill level 1 in Necromancy
  3243 | D:3      | Reached skill level 1 in Transmutations
  3243 | D:3      | Reached skill level 1 in Fire Magic
  3243 | D:3      | Reached skill level 1 in Ice Magic
  3243 | D:3      | Reached skill level 1 in Air Magic
  3243 | D:3      | Reached skill level 1 in Earth Magic
  3243 | D:3      | Reached skill level 1 in Poison Magic
  3440 | D:3      | Reached XP level 5. HP: 24/37 MP: 7/14
  3693 | D:4      | Found a blossoming altar of Fedhas.
  3713 | D:4      | Found a sparkling altar of Nemelex Xobeh.
  3812 | D:4      | Found a hide-covered altar of Uskayaw.
  3812 | D:4      | Noticed a hand axe
  3812 | D:4      | Noticed a hand axe
  3826 | D:4      | Found an ornate altar of the Wu Jian Council.
  3970 | D:4      | Noticed an ogre
  4045 | D:4      | Found a sand-covered staircase.
  4069 | D:4      | HP: 1/37 [elf zombie (3)]
  4075 | D:4      | Slain by an elf zombie

Vault maps used:
D:1:      co_arrival_square_in_a_square_in_a_square
D:2:      nicolae_overflow_crystal_walls, gammafunk_temple_overflow_claw,
          chequers_ecumenical_altar_simple
D:3:      nicolae_ru_sacrificial_ziggurat, first_ration
D:4:      kennysheep_mini, dancing_weapons_uskayaw, lemuel_round_altar,
          lemuel_doored_altar, nicolae_ossuary_entry_catacombs

Skill      XL: |  1  2  3  4 |
---------------+-------------+-----
Conjurations   | 2 |  2.4
Summonings     | 2 |  2.4
Translocations | 2 |  2.4
Invocations    | 1 |  1.8
Fighting       | 1 |  1.6
Short Blades   | 1 |  1.6
Long Blades    | 1 |  1.6
Axes           | 1 |  1.6
Maces & Flails | 1 |  1.6
Polearms       | 1 |  1.6
Staves         | 1 |  1.6
Slings         | 1 |  1.6
Bows           | 1 |  1.6
Crossbows      | 1 |  1.6
Throwing       | 1 |  1.6
Armour         | 1 |  1.6
Shields        | 1 |  1.6
Unarmed Combat | 1 |  1.6
Evocations     | 1 |  1.6
Hexes          | 1 |  1.2
Charms         | 1 |  1.2
Necromancy     | 1 |  1.2
Transmutations | 1 |  1.2
Fire Magic     | 1 |  1.2
Ice Magic      | 1 |  1.2
Air Magic      | 1 |  1.2
Earth Magic    | 1 |  1.2
Poison Magic   | 1 |  1.2
Dodging        | |  4.8
Stealth        | |  4.4
Spellcasting   | |  7.3

Action                   |  1- 3 |  4- 6 || total
-------------------------+-------+-------++-------
Melee: Whip              |    34 |    37 ||    71
       Bite              |     3 |     1 ||     4
       Punch             |       |     1 ||     1
 Cast: Magic Dart        |    71 |   120 ||   191
  Use: Scroll            |     2 |     6 ||     8
       Potion            |       |     2 ||     2
 Stab: Sleeping          |     3 |     2 ||     5
       Distracted        |       |     1 ||     1
  Eat: Chunk             |     1 |     5 ||     6
       Ration            |     1 |       ||     1
Armor: Robe              |     5 |     8 ||    13
       Skin              |       |    34 ||    34
Dodge: Dodged            |    39 |    57 ||    96

Table legend:
 A = Non-vault XP
 B = Vault XP
 C = Vault XP percentage of total XP
 D = Non-vault monster count
 E = Vault monster count
 F = Vault count percentage of total count
                 A         B        C        D         E       F
            +---------+---------+-------+---------+---------+-------
      Total |     288 |       2 |   0.7 |      73 |       2 |   2.7
            +---------+---------+-------+---------+---------+-------
        D:1 |      40 |       0 |   0.0 |      24 |       0 |   0.0
        D:2 |      57 |       0 |   0.0 |      19 |       0 |   0.0
        D:3 |      95 |       0 |   0.0 |      19 |       0 |   0.0
        D:4 |      96 |       2 |   2.0 |      11 |       2 |  15.4
            +---------+---------+-------+---------+---------+-------
